 Dungeon Crawl Stone Soup version 0.30-a0-879-ga8ba668304 (webtiles) character file.

Game seed: 11584635572763121420

142048 Axe the Peltast (level 16, -6/134 HPs)
             Began as a White Draconian Fighter on Mar 12, 2023.
             Was the Champion of Hepliaklqana.
             Mangled by a steelbarb worm (28 damage)
             ... on level 3 of the Spider Nest.
             The game lasted 00:56:06 (25669 turns).

Axe the Peltast (White Draconian Fighter)          Turns: 25669, Time: 00:56:07

Health: -6/134     AC: 11    Str: 18    XL:     16   Next: 79%
Magic:  25/25      EV: 23    Int: 18    God:    Hepliaklqana [******]
Gold:   2314       SH: 34    Dex: 19    Spells: 15/28 levels left

rFire   . . .      SeeInvis .    S - +3 demon whip (venom)
rCold   + . .      Faith    .    A - +13 tower shield of Unambiguity {Will+ rCorr Dex+3}
rNeg    . . .      Spirit   .    (body armour unavailable)
rPois   +          Reflect  .    (helmet restricted)
rElec   +          Rampage  .    u - +1 cloak of Starlight {*Dazzle EV+4 Stlth--}
rCorr   +                        N - +0 pair of gloves
Will    ++...                    d - +2 pair of boots "Zaingo" {Int+3} Stlth
                                 l - amulet of Nettar {rElec Regen+ Dex+3}
HPRegen 1.22/turn                f - +4 ring of slaying
MPRegen 0.19/turn                K - ring of poison resistance

@: about to teleport, spiked, corroded, on berserk cooldown, slowed, studying
Short Blades, very slow
A: reduced essence, breathe frost, AC +9, unfitting armour, cold resistance 1,
cold-blooded
a: Breathe Frost, Renounce Religion, Recall Ancestor, Ancestor Identity,
Transference, Idealise


You were on level 3 of the Spider Nest.
You worshipped Hepliaklqana.
Hepliaklqana was exalted by your worship.
You visited 5 branches of the dungeon, and saw 26 of its levels.
You also visited: Gauntlet, Ice Cave and Volcano.

You collected 2576 gold pieces.
You spent 262 gold pieces at shops.

Inventory:

Hand Weapons
 S - a +3 demon whip of venom (weapon)
Missiles
 B - 6 curare-tipped darts (quivered)
 D - a throwing net
Armour
 d - the +2 pair of boots "Zaingo" (worn) {Int+3}
   (You found it in a volcano)

   Int:       It affects your intelligence (+3).
 u - the +1 cloak of Starlight (worn) {*Dazzle EV+4 Stlth--}
   (You found it in a Gauntlet)

   *Dazzle:   It may blind those who miss an attack against the wearer in melee
   combat.
   EV:        It affects your evasion (+4).
   Stlth:     It makes you much less stealthy.
 x - a +2 pair of boots of flying
 A - the +13 tower shield of Unambiguity (worn) {Will+ rCorr Dex+3}
   (You found it in a Gauntlet)

   Dex:       It affects your dexterity (+3).
   rCorr:     It protects you from acid and corrosion.
   Will:      It increases your willpower.
 N - a +0 pair of gloves (worn)
Jewellery
 f - a +4 ring of slaying (left hand)
 g - the ring of Vaotockuu {rElec Will+}
   (You found it on level 4 of the Lair of Beasts)

   [ring of willpower]

   rElec:     It insulates you from electricity.
   Will:      It increases your willpower.
 l - the amulet of Nettar (around neck) {rElec Regen+ Dex+3}
   (You acquired it on level 13 of the Dungeon)

   [amulet of regeneration]

   Dex:       It affects your dexterity (+3).
   rElec:     It insulates you from electricity.
   Regen:     It increases your rate of health regeneration.
 t - a ring of see invisible
 F - a ring of fire
 J - a +5 ring of evasion
 K - a ring of poison resistance (right hand)
Wands
 a - a wand of iceblast (4)
 w - a wand of quicksilver (9)
 y - a wand of charming (31)
 R - a wand of mindburst (10)
Scrolls
 b - 5 scrolls of fog
 c - 4 scrolls of amnesia
 e - 3 scrolls of enchant armour
 i - 3 scrolls of vulnerability
 j - 14 scrolls of teleportation
 k - a scroll of poison
 v - 10 scrolls of identify
 C - 4 scrolls of fear
 E - a scroll of acquirement
 P - a scroll of magic mapping
Potions
 h - 2 potions of berserk rage {unknown}
 m - 3 potions of resistance
 n - 4 potions of mutation
 o - 8 potions of heal wounds
 p - 5 potions of lignification
 q - 9 potions of brilliance
 r - 9 potions of curing
 s - 5 potions of flight
 z - 4 potions of cancellation
 G - 3 potions of might
 H - 3 potions of haste
 I - 3 potions of degeneration
 M - 5 potions of attraction
 O - 3 potions of magic
 Q - 2 potions of ambrosia {unknown}


   Skills:
 + Level 15.3 Fighting
 - Level 6.7(7.0) Short Blades
 - Level 2.8(5.1) Long Blades
 - Level 12.2 Maces & Flails
 + Level 13.1 Dodging
 * Level 17.5 Shields
 + Level 6.5 Spellcasting
 + Level 7.1 Summonings


You had 15 spell levels left.
You knew the following spells:

 Your Spells              Type           Power      Damage    Failure   Level
a - Dragon's Call         Summ           15%        N/A       100%        9
b - Summon Ice Beast      Ice/Summ       18%        N/A       58%         4

Your spell library contained the following spells:

 Spells                   Type           Power      Damage    Failure   Level
 Summon Small Mammal      Summ           100%       N/A       1%          1
 Call Imp                 Summ           31%        N/A       2%          2
 Call Canine Familiar     Summ           31%        N/A       4%          3
 Summon Guardian Golem    Hex/Summ       18%        N/A       22%         3
 Apportation              Tloc           10%        N/A       32%         1
 Necrotise                Necr           20%        1d5       32%         1
 Blink                    Tloc           10%        N/A       43%         2
 Lesser Beckoning         Tloc           10%        N/A       43%         2
 Momentum Strike          Conj/Tloc      10%        3d8       43%         2
 Ignite Poison            Fire/Tmut/Pois 5%         N/A       67%         3
 Kindle Blastsparks       Fire/Tloc/Air  10%        2d10      67%         3
 Portal Projectile        Hex/Tloc       10%        N/A       67%         3
 Vhi's Electric Charge    Tloc/Air       10%        N/A       67%         3
 Cause Fear               Hex            2%         N/A       97%         4
 Fulminant Prism          Conj/Hex       2%         3d5       97%         4
 Iskenderun's Mystic Bla  Conj/Tloc      5%         2d3       97%         4
 Leda's Liquefaction      Hex/Erth       2%         N/A       97%         4
 Manifold Assault         Tloc           5%         N/A       97%         4
 Sticky Flame             Conj/Fire      5%         2d3       97%         4
 Alistair's Intoxication  Tmut/Pois      3%         N/A       100%        5
 Arcjolt                  Conj/Air       2%         1d12      100%        5
 Borgnjor's Vile Clutch   Necr/Erth      2%         N/A       100%        5
 Lee's Rapid Deconstruct  Erth           2%         3d5*      100%        5
 Eringya's Noxious Bog    Tmut/Pois      2%         N/A       100%        6
 Dragon Form              Tmut           2%         N/A       100%        7
 Storm Form               Tmut/Air       2%         N/A       100%        7
 Ignition                 Fire           2%         3d3       100%        8
 Maxwell's Capacitive Co  Air            2%         ∞         100%        8
 Animate Armour           Summ/Erth      Unusable   N/A       N/A         4

Dungeon Overview and Level Annotations

Branches:
Dungeon (15/15)            Temple (1/1) D:6            Lair (5/5) D:9
  Swamp (0/4) Lair:2       Spider (3/4) Lair:3        Slime (0/5) Lair:5
    Orc (2/2) D:12            Elf (0/3) Orc:2        Vaults (0/5) D:13
 Depths (0/4) D:15          IceCv (visited)         Volcano (visited)
Gauntlet (visited)

Altars:
Ashenzari
Cheibriados
Dithmenos
Elyvilon
Fedhas
Gozag
Hepliaklqana
Kikubaaqudgha
Makhleb
Nemelex Xobeh
Okawaru
Qazlal
Ru
Sif Muna
Trog
Uskayaw
Vehumet
Wu Jian
Xom
Yredelemnul
Zin
The Shining One
Jiyva
Lugonu

Shops:
Orc:2 **[(

Portals:
Abyss: Lair:5
Trove: D:15 (give +4 shadow dragon scales)

Annotations:
D:11 1 runed translucent door
Lair:4 exclusion: 3 oklob plants


Innate Abilities, Weirdness & Mutations

Your life essence is reduced to manifest your ancestor. (-10% HP)
You can breathe waves of freezing cold which knock back foes.
Your icy white scales are hard. (AC +9)
You cannot fit into any form of body armour.
Your flesh is cold resistant. (rC+)
You are cold-blooded and may be slowed by cold attacks.


Message History

Okay, then.
Okay, then.
You are too confused!
You feel much better.
You feel less confused.
The demonic crawler looks more healthy.
You block the steelbarb worm's attack. The boulder beetle bites you.
* * * LOW HITPOINT WARNING * * *
You block the entropy weaver's attack. x2; The entropy weaver misses you.
You block the entropy weaver's attack.
The steelbarb worm hits you but does no damage.
The entropy weaver completely misses you. x2
The entropy weaver barely misses you.
The entropy weaver completely misses you.
The boulder beetle barely misses you. The steelbarb worm misses you.
You feel much better. You block the steelbarb worm's attack.
The entropy weaver gestures at you while chanting.
The entropic weave corrodes you!
The steelbarb worm completely misses you.
You block the boulder beetle's attack.
The entropy weaver hits you but does no damage.
You block the entropy weaver's attack. x2
The entropy weaver closely misses you. The steelbarb worm closely misses you.
Okay, then.
As you read the scroll of teleportation, it crumbles to dust.
You feel strangely unstable. You block the steelbarb worm's attack.
You block the boulder beetle's attack.
You block the entropy weaver's attack. x2
The entropy weaver misses you. x2; You block the steelbarb worm's attack.
The boulder beetle barely misses you. The entropy weaver hits you!
The entropy weaver misses you. The entropy weaver closely misses you.
You block the entropy weaver's attack.
You feel better. You block the steelbarb worm's attack.
The steelbarb worm hits you!!
* * * LOW HITPOINT WARNING * * *
Barbed spikes become lodged in your body.
You block the boulder beetle's attack. You block the entropy weaver's attack.
The entropy weaver misses you. You block the entropy weaver's attack.
The entropy weaver completely misses you.
The steelbarb worm hits you!!
You die...

.^...)#†#.^.##....^....#
.^#...###....##.......##
..#..##..†.#.^#......##
#..#....†##.#..........#
..
#......###..........^..
#........##........#^..
#^.#......#^.#..#..# ..
###..#.B....####..####
#....###@B.....####
#.....sw##.....#
#......sssw....##
....#.###.#.....# . ..
.. #..^. #. ##. .... ^.
.# ... . . #.


You could see a boulder beetle, an entropy weaver, a steelbarb worm (berserk,
very poisoned), a demonic crawler, a tarantella and a redback.

Vanquished Creatures
  Mlioglotl (Spider:2)
  Rupert (Lair:4)
  Kirke (Lair:3)
  An emperor scorpion (Spider:2)
  A frost giant (IceCv)
  A ghost moth (Spider:2)
  Nessos (Lair:3)
  A spark wasp (Spider:3)
  A red draconian (Volcano)
  A minotaur (Gauntlet)
  Snorg (Lair:4)
  Josephine (Lair:3)
  2 ettins
  An entropy weaver (Spider:2)
  3 vault guards
  3 hydras
  An ogre mage (D:13)
  2 boulder beetles
  5 centaur warriors
  21 death yaks
  3 tengu warriors
  A two-headed ogre (D:13)
  A thrashing horror (Lair:5)
  An orc high priest (Orc:1)
  2 skysharks
  Amaemon (Lair:2)
  2 pharaoh ants (Spider:1)
  A deep troll (D:15)
  6 orb spiders
  A bog body (Lair:2)
  A necromancer (D:13)
  A deep elf archer (D:13)
  2 wizards
  2 harpies (shapeshifter)
  A deep elf zephyrmancer (D:15)
  Pikel (D:5)
  3 steelbarb worms
  7 orc sorcerers
  11 wolf spiders
  10 ugly things
  A salamander (Volcano)
  2 manticores (D:12)
  5 cyclopes
  2 moths of wrath
  A black mamba (Lair:5)
  5 elephants
  Joseph (D:8)
  An orange demon (Lair:2)
  A torpor snail (Spider:1)
  2 smoke demons (Lair:5)
  7 cane toads
  A gargoyle (D:13)
  8 rime drakes
  A tengu conjurer (D:14)
  A yaktaur (D:15)
  3 kobold demonologists (D:13)
  2 ice devils
  3 freezing wraiths (D:15)
  An ancient zyme (Lair:5)
  2 efreet
  6 komodo dragons
  7 trolls
  A wolf spider simulacrum (D:14)
  A meliai (Spider:3)
  6 polar bears
  23 blink frogs
  Grinder (D:5)
  10 tarantellas
  13 jumping spiders
  Sigmund (D:2)
  3 shadows
  10 culicivoras
  2 ynoxinuls (Lair:5)
  3 basilisks
  2 spriggans
  3 wyverns
  A vampire (D:10)
  38 yaks
  11 small abominations
  4 large abominations
  A golden eye (shapeshifter) (D:10)
  17 humans
  7 wraiths
  9 vampire mosquitoes
  2 chaos spawn (Lair:5)
  28 redbacks
  6 wargs
  2 steam dragons
  2 acid dragons
  7 water moccasins
  A floating eye (Lair:4)
  14 orc warriors
  A sky beast (D:7)
  2 black bears
  5 ogres
  8 centaurs
  A lemure (D:5)
  20 wolves
  A phantom (D:5)
  Blork the orc (D:5)
  11 bullfrogs
  A gnoll sergeant (D:13)
  8 scorpions
  17 killer bees
  10 howler monkeys
  2 hounds
  8 jellies
  11 orc priests
  2 gnoll boudas
  7 iguanas
  2 sleepcaps
  35 orc wizards
  16 gnolls
  6 adders
  A shadow imp (D:7)
  3 white imps
  An ufetubus (D:5)
  A worm (D:2)
  2 dart slugs
  79 orcs
  5 bats
  13 endoplasms
  6 giant cockroaches
  16 goblins
  10 hobgoblins
  10 jackals
  15 kobolds
  6 quokkas
  4 ball pythons
  11 frilled lizards
  5 rats
763 creatures vanquished.

Vanquished Creatures (collateral kills)
  Nikola (Spider:2)
  Jorgrun (Orc:2)
  An emperor scorpion (Spider:3)
  A hydra (D:14)
  A radroach (Spider:2)
  A centaur warrior (D:15)
  A two-headed ogre (D:11)
  A tengu warrior (D:15)
  Urug (D:13)
  A thrashing horror (Lair:5)
  A skyshark (Lair:5)
  3 pharaoh ants
  A wizard (D:13)
  A steelbarb worm (Spider:3)
  A necromancer (D:13)
  A wolf spider (Spider:2)
  2 ugly things (D:15)
  A salamander (Volcano)
  2 cyclopes
  An elephant (Lair:4)
  A gargoyle (D:11)
  An ice statue (IceCv)
  2 cane toads (Lair:3)
  2 unseen horrors
  A komodo dragon (Lair:3)
  A rime drake (IceCv)
  A tengu conjurer (D:15)
  An ice devil (Orc:1)
  3 trolls
  2 polar bears
  A hornet (D:10)
  A tarantella (Spider:1)
  3 blink frogs
  3 jumping spiders
  3 culicivoras
  A shadow (Gauntlet)
  4 small abominations (Lair:5)
  4 humans (D:13)
  9 yaks
  A basilisk (Lair:5)
  A steam dragon (D:10)
  3 redbacks
  5 wargs (Orc:2)
  A large abomination (Lair:5)
  2 water moccasins (Lair:5)
  6 orc warriors
  An ogre (Orc:2)
  6 wolves
  3 centaurs
  3 kobold brigands
  A bullfrog (Lair:2)
  3 killer bees
  4 howler monkeys
  3 orc priests
  5 jellies (Lair:5)
  A gnoll bouda (D:9)
  20 orc wizards
  8 gnolls
  A white imp (Gauntlet)
  27 orcs
  8 kobolds
  A butterfly (D:11)
182 creatures vanquished.

Vanquished Creatures (others)
  5 humans (Lair:3)
  A kobold brigand (D:13)
  15 knights
  An orc wizard (Orc:2)
  2 orcs
  2 kobolds (D:10)
  A bush (Lair:2)
  22 demonic plants (Gauntlet)
  15 fungi
  29 plants
93 creatures vanquished.

Grand Total: 1038 creatures vanquished

Notes
Turn   | Place    | Note
-------+----------+-------------------------------------------
     0 | D:1      | Axe the Draconian Fighter began the quest for the Orb.
     0 | D:1      | Reached XP level 1. HP: 19/19 MP: 1/1
   201 | D:1      | Reached XP level 2. HP: 26/26 MP: 2/2
   505 | D:1      | Reached XP level 3. HP: 30/31 MP: 3/3
  1079 | D:2      | Noticed Sigmund
  1084 | D:2      | Reached skill level 1 in Short Blades
  1084 | D:2      | Reached XP level 4. HP: 25/40 MP: 4/4
  1089 | D:2      | HP: 1/40 [something (9)]
  1092 | D:2      | Killed Sigmund
  1093 | D:2      | Reached XP level 5. HP: 25/46 MP: 5/5
  1862 | D:3      | Reached skill level 4 in Shields
  1910 | D:3      | Reached XP level 6. HP: 53/53 MP: 6/6
  2096 | D:3      | Found an opulent altar of Gozag.
  3060 | D:4      | Found a large runed translucent door.
  3066 | D:4      | Found a large runed translucent door.
  3323 | D:4      | Found a shimmering altar of Xom.
  3324 | D:4      | Found an ancient bone altar of Kikubaaqudgha.
  3432 | D:4      | Found a glowing silver altar of Zin.
  3440 | D:4      | Found a white marble altar of Elyvilon.
  3483 | D:5      | Entered Level 5 of the Dungeon
  3566 | D:5      | Noticed Pikel
  3574 | D:5      | Killed Pikel
  3575 | D:5      | Reached skill level 5 in Fighting
  3575 | D:5      | Your scales start taking on an icy white colour.
  3575 | D:5      | Reached XP level 7. HP: 61/61 MP: 7/7
  3575 | D:5      | Gained mutation: Your flesh is cold resistant. (rC+) [White
                  | Draconian growth]
  3587 | D:5      | Reached skill level 5 in Short Blades
  3587 | D:5      | Reached skill level 5 in Shields
  3693 | D:5      | Reached XP level 8. HP: 69/69 MP: 8/8
  3939 | D:5      | Noticed Grinder
  3941 | D:5      | Paralysed by Grinder for 5 turns
  3957 | D:5      | Killed Grinder
  3958 | D:5      | Reached skill level 5 in Dodging
  4216 | D:5      | Noticed Blork the orc
  4234 | D:5      | Killed Blork the orc
  5132 | D:6      | Reached skill level 6 in Shields
  5518 | D:6      | Reached skill level 1 in Maces & Flails
  5611 | D:6      | Found a staircase to the Ecumenical Temple.
  5617 | Temple   | Entered the Ecumenical Temple
  5844 | Temple   | Became a worshipper of Hepliaklqana the Forgotten
  6194 | D:7      | Reached XP level 9. HP: 73/78 MP: 9/9
  6256 | D:7      | Found a shadowy altar of Dithmenos.
  6386 | D:7      | Found a glowing golden altar of the Shining One.
  6725 | D:8      | Reached * piety under Hepliaklqana
  7321 | D:9      | Noticed Joseph
  7334 | D:8      | Killed Joseph
  7349 | D:9      | Reached skill level 5 in Maces & Flails
  7377 | D:9      | Reached skill level 7 in Shields
  7600 | D:9      | Found a staircase to the Lair.
  7632 | D:9      | Reached ** piety under Hepliaklqana
  7633 | D:9      | Remembered your ancestor Mirko as a knight
  7976 | D:9      | Reached XP level 10. HP: 79/79 MP: 10/10
  8425 | Lair:1   | Entered Level 1 of the Lair of Beasts
  8442 | D:10     | Entered Level 10 of the Dungeon
  8856 | D:10     | Reached skill level 8 in Shields
  9140 | D:10     | Reached XP level 11. HP: 76/87 MP: 11/11
  9366 | D:10     | Found a blossoming altar of Fedhas.
  9807 | D:11     | Found a gate leading to a gauntlet.
  9835 | D:11     | Reached *** piety under Hepliaklqana
  9911 | Gauntlet | Entered a Gauntlet
  9911 | Gauntlet | Found a transporter.
 10015 | Gauntlet | Found a transporter.
 10050 | Gauntlet | Found a transporter.
 10052 | Gauntlet | Found a transporter.
 10054 | Gauntlet | Found a large runed translucent door.
 10054 | Gauntlet | Found a large runed translucent door.
 10055 | Gauntlet | Found a large runed translucent door.
 10055 | Gauntlet | Found a large runed translucent door.
 10072 | Gauntlet | Found a transporter.
 10082 | Gauntlet | Found a transporter.
 10088 | Gauntlet | Found a transporter.
 10089 | Gauntlet | Noticed a thrashing horror
 10090 | Gauntlet | Noticed a thrashing horror
 10103 | Gauntlet | Found a transporter.
 10122 | Gauntlet | Found a transporter.
 10127 | Gauntlet | Noticed a fire crab
 10130 | Gauntlet | Found a large runed translucent door.
 10131 | Gauntlet | Found a large runed translucent door.
 10132 | Gauntlet | Found a large runed translucent door.
 10132 | Gauntlet | Found a large runed translucent door.
 10133 | Gauntlet | Found a runed translucent gate.
 10133 | Gauntlet | Found the +1 cloak of Starlight {*Dazzle EV+4 Stlth--}
 10134 | Gauntlet | Found a transporter.
 10134 | Gauntlet | Found a runed translucent gate.
 10135 | Gauntlet | Found a runed translucent gate.
 10136 | Gauntlet | Found a large runed translucent door.
 10136 | Gauntlet | Found a large runed translucent door.
 10136 | Gauntlet | Noticed a large abomination
 10137 | Gauntlet | Found a large runed translucent door.
 10138 | Gauntlet | Found a large runed translucent door.
 10146 | Gauntlet | Found a transporter.
 10158 | Gauntlet | Found a transporter.
 10158 | Gauntlet | Noticed a wizard
 10167 | Gauntlet | Noticed a wizard
 10170 | Gauntlet | Found a transporter.
 10188 | Gauntlet | Found a transporter.
 10206 | Gauntlet | Found a transporter.
 10436 | Gauntlet | Found a transporter.
 10479 | Gauntlet | Found a transporter.
 10490 | Gauntlet | Identified the amulet of Awe {Faith Str+5}
 10518 | Gauntlet | Found a transporter.
 10524 | Gauntlet | Found a large runed translucent door.
 10524 | Gauntlet | Found a large runed translucent door.
 10524 | Gauntlet | Found a runed translucent door.
 10524 | Gauntlet | Found a runed translucent door.
 10532 | Gauntlet | Found a large runed translucent door.
 10533 | Gauntlet | Found a large runed translucent door.
 10683 | Gauntlet | Killed a large abomination
 10684 | Gauntlet | Reached skill level 9 in Shields
 10709 | Gauntlet | Identified the +1 arbalest "Errut" {antimagic, +Blink Int-3
                  | Dex+4}
 10709 | Gauntlet | Noticed a minotaur
 10731 | Gauntlet | Killed a minotaur
 10735 | Gauntlet | Identified the +13 tower shield of Unambiguity {Will+ rCorr
                  | Dex+3}
 10735 | Gauntlet | Identified the +2 plate armour "Janabat" {rC- Str+4 Dex+3}
 10743 | Gauntlet | Got Xotrax's Catalogue of Company
 10859 | D:11     | Noticed a two-headed ogre
 10869 | D:11     | Killed a two-headed ogre
 10870 | D:11     | Reached skill level 10 in Fighting
 10917 | D:11     | Reached skill level 10 in Maces & Flails
 11630 | D:11     | Found a runed translucent door.
 11633 | D:11     | Found a runed translucent door.
 12138 | D:12     | Reached XP level 12. HP: 82/95 MP: 12/12
 12149 | D:12     | Found a staircase to the Orcish Mines.
 12675 | D:13     | Noticed a tengu warrior
 12934 | Lair:1   | Reached **** piety under Hepliaklqana
 13048 | Lair:1   | Noticed a death yak
 13049 | Lair:1   | Noticed a death yak
 13050 | Lair:1   | Noticed a death yak
 13050 | Lair:1   | Noticed a death yak
 13051 | Lair:1   | Noticed a death yak
 13067 | Lair:1   | Killed a death yak
 13075 | Lair:1   | Killed a death yak
 13076 | Lair:1   | Reached skill level 10 in Shields
 13088 | Lair:1   | Killed a death yak
 13095 | Lair:1   | Killed a death yak
 13101 | Lair:1   | Killed a death yak
 13779 | Lair:2   | Noticed Amaemon
 13799 | Lair:2   | Killed Amaemon
 13812 | Lair:2   | Reached skill level 11 in Shields
 13881 | Lair:2   | Found a staircase to the Swamp.
 14213 | Lair:2   | Reached XP level 13. HP: 104/104 MP: 13/13
 14285 | Lair:2   | Identified the +2 flail of Hacking and Slashing {pain,
                  | *Corrode rPois Will- Stlth+}
 14524 | Lair:3   | Found a hole to the Spider Nest.
 14525 | Lair:3   | Reached ***** piety under Hepliaklqana
 14609 | Lair:3   | Reached skill level 10 in Dodging
 14609 | Lair:3   | Reached skill level 12 in Shields
 14633 | Lair:3   | Noticed Kirke
 14640 | Lair:3   | Noticed Josephine
 14653 | Lair:3   | Killed Kirke
 14663 | Lair:3   | Killed Josephine
 15075 | Lair:3   | Noticed Nessos
 15084 | Lair:3   | Killed Nessos
 15301 | Lair:4   | Noticed Rupert
 15303 | Lair:4   | Paralysed by Rupert for 4 turns
 15331 | Lair:4   | Killed Rupert
 15519 | Lair:4   | Identified the ring of Vaotockuu {rElec Will+}
 15572 | Lair:4   | Reached skill level 13 in Shields
 15731 | Lair:4   | Noticed Snorg
 15743 | Lair:4   | Killed Snorg
 15998 | Lair:4   | Learned a level 9 spell: Dragon's Call
 16384 | Lair:4   | Paralysed by a floating eye for 3 turns
 16582 | Lair:5   | Entered Level 5 of the Lair of Beasts
 16609 | Lair:5   | Reached XP level 14. HP: 108/114 MP: 14/14
 16664 | Lair:5   | Found a viscous altar of Jiyva.
 16665 | Lair:5   | Found a staircase to the Slime Pits.
 17160 | Lair:5   | Reached skill level 14 in Shields
 17772 | Lair:5   | Found a corrupted altar of Lugonu.
 17772 | Lair:5   | Found a one-way gate to the infinite horrors of the Abyss.
 17789 | Lair:5   | Got the Discursus on Generation and the Evil Eye
 17816 | Lair:5   | Learned a level 4 spell: Summon Ice Beast
 18279 | D:12     | Reached skill level 1 in Summonings
 18305 | D:13     | Reached skill level 1 in Spellcasting
 18369 | D:13     | Found a gate to the Vaults.
 18533 | D:13     | Reached skill level 15 in Shields
 18637 | D:13     | Found a runed translucent door.
 18637 | D:13     | Found a runed translucent door.
 18637 | D:13     | Identified the +10 short sword of Nuerroe {protect, Stlth+}
 19140 | D:13     | Reached XP level 15. HP: 123/123 MP: 18/18
 19352 | D:13     | Noticed Urug
 19367 | D:13     | Killed Urug
 19376 | D:13     | Identified a scroll of acquirement
 19376 | D:13     | Acquired the amulet of Nettar {rElec Regen+ Dex+3}
 19955 | D:14     | Found a shimmering blue altar of Sif Muna.
 20161 | D:15     | Entered Level 15 of the Dungeon
 20303 | D:15     | Reached ****** piety under Hepliaklqana
 20513 | D:15     | Found a portal to a secret trove of treasure.
 20716 | D:15     | Found a staircase to the Depths.
 20915 | Orc:1    | Entered Level 1 of the Orcish Mines
 20976 | Orc:1    | Paralysed by an orc sorcerer for 3 turns
 20997 | Orc:1    | Found a frozen archway.
 21025 | IceCv    | Entered an ice cave
 21057 | IceCv    | Reached skill level 16 in Shields
 21207 | IceCv    | Noticed a frost giant
 21238 | IceCv    | Killed a frost giant
 21239 | IceCv    | Reached skill level 5 in Summonings
 21614 | Orc:1    | Found a dark tunnel.
 21624 | Volcano  | Entered a volcano
 21732 | Volcano  | Identified the +2 pair of boots "Zaingo" {Int+3}
 22016 | Orc:2    | Entered Level 2 of the Orcish Mines
 22083 | Orc:2    | Noticed Jorgrun
 22100 | Orc:2    | Killed Jorgrun
 22101 | Orc:2    | Reached skill level 5 in Spellcasting
 22501 | Orc:2    | Found Jeotamem's General Store.
 22501 | Orc:2    | Found Ruvoirgh's Assorted Antiques.
 22542 | Orc:2    | Bought a scroll of enchant weapon for 262 gold pieces
 22591 | Orc:2    | Reached XP level 16. HP: 132/132 MP: 23/23
 22633 | Orc:2    | Found Nipud's Antique Weapon Emporium.
 22633 | Orc:2    | Found Eminaseu's Antique Armour Boutique.
 22675 | Orc:2    | Found a staircase to the Elven Halls.
 23307 | Spider:1 | Entered Level 1 of the Spider Nest
 24627 | Spider:2 | Reached skill level 15 in Fighting
 24694 | Spider:2 | Reached skill level 17 in Shields
 24964 | Spider:2 | Noticed Mlioglotl
 24990 | Spider:2 | Killed Mlioglotl
 25039 | Spider:2 | Noticed Nikola
 25072 | Spider:2 | Killed Nikola
 25581 | Spider:3 | Identified the +1 helmet of the Hippo {rPois rF+ Regen+}
 25665 | Spider:3 | HP: 1/134 [steelbarb worm (10)]
 25669 | Spider:3 | Mangled by a steelbarb worm

Illustrated notes

Levels and vault maps discovered:
D:1:      dpeg_arrival_water_fire, layout_loops_ring, minmay_hexomino_c4
D:2:      layout_basic, kennysheep_cross_room, grunt_ministairs_6,
          minmay_indecisive_spiral, uniq_sigmund
D:3:      layout_basic, nicolae_gozag_cash_rules_everything_around_me,
          corexii_shack
D:4:      layout_loops_corners, jmf_multi_god_temple2,
          gammafunk_temple_overflow_statue, kennysheep_boxes
D:5:      layout_loops_ring, abandoned_shop, uniq_grinder, uniq_pikel,
          uniq_blork_the_orc
D:6:      layout_basic, minmay_temple_entry_fiery
D:7:      layout_basic, grunt_dithmenos_smoke_and_mirrors, lemuel_doored_altar,
          serial_glass, glass_columns_a, glass_columns_c
D:8:      layout_gridville, dreamdust_mushroom_princess
D:9:      layout_loops_cross, lair_entry_dummy, minmay_lizard_king, uniq_joseph
D:10:     minmay_s_stair_smasher, layout_irregular_city, fedhas_altar_3,
          chequers_decorated_corner
D:11:     lemuel_insect_pit, layout_layer_cave, gauntlet_entry_generic
D:12:     layout_rooms, hiddenorc2_lemuel
D:13:     minmay_the_grid_triangle_9x9_recursive_2_mashed
          [minmay_the_grid_triangle_9x9_prize_center,
          minmay_the_grid_triangle_9x9_tough_junction,
          minmay_the_grid_triangle_9x9_odd_lines,
          minmay_the_grid_triangle_9x9_windchime], layout_cave_pods,
          grunt_vaults_entry_tiered, uniq_urug
D:14:     layout_basic, minmay_misc_feat_enclosed, kennysheep_orc_sif_temple
D:15:     hangedman_depths_entry_civil_slaughter, layout_basic, enter_trove_5
Temple:   eino_narrow_crystal_temple
Lair:1:   layout_loops_ring, infiniplex_staircase_pool_2
Lair:2:   beast_lair_carwin_large_2, layout_regular_city,
          skrybe_swamp_entry_bodies, grunt_forest_stairs_clearing, uniq_amaemon
Lair:3:   nzn_winding_woodlands_small [nzn_winding_woodlands_5x15_default,
          nzn_winding_woodlands_center_lodge, nzn_winding_woodlands_5x15_twine],
          layout_hall_layers, dummy_spider_entry, grunt_forest_stairs_basic,
          st_stairs_5, uniq_josephine, uniq_nessos, uniq_kirke
Lair:4:   layout_small_grid, disabler_island, grunt_megastairs_2,
          serial_bayou_shore_a, uniq_snorg, uniq_rupert
Lair:5:   hellmonk_lair_end_abyssal_woods, layout_cave_shapes,
          minmay_slime_entry_jelly_boxes, grunt_megastairs_3,
          infiniplex_staircase_pool
Spider:1: layout_chambers
Spider:2: layout_spider_delve, uniq_nikola, uniq_mlioglotl
Spider:3: layout_spider_delve, nicolae_spider_some_kinda_spiderbox,
          hangedman_spider_tarantella_strand
Orc:1:    layout_caves, enter_volcano_2, portal_ice_cave_demonic_guard
Orc:2:    st_orc_town, layout_caves, mines5_lemuel, uniq_jorgrun

Skill      XL: |  1  2  3  4  5  6  7  8  9 10 11 12 13 14 15 16 |
---------------+-------------------------------------------------+-----
Dodging        | 3 4 5 6 7 8 9 10 11 12 13 | 13.1
Short Blades   | 1 2 4 5 6 |  6.7
Fighting       | 4 5 6 7 9 10 11 12 13 14 15 | 15.3
Shields        | 4 5 6 7 8 9 11 13 15 16 17 | 17.5
Maces & Flails | 1 5 8 10 11 12 | 12.2
Summonings     | 2 5 7 |  7.1
Spellcasting   | 2 5 6 |  6.5
Long Blades    | |  2.8

Action                     |  1- 3 |  4- 6 |  7- 9 | 10-12 | 13-15 | 16-18 || total
---------------------------+-------+-------+-------+-------+-------+-------++-------
  Melee: Long sword        |    80 |       |       |       |       |       ||    80
         Tailslap          |    13 |    10 |    33 |   120 |   389 |   111 ||   676
         Dagger            |    30 |   113 |   119 |       |       |       ||   262
         Whip              |       |       |   174 |   704 |  1049 |       ||  1927
         Demon whip        |       |       |       |       |   557 |   473 ||  1030
 Invoke: Ancestor Life: Kn |       |       |     1 |       |       |       ||     1
         Recall Ancestor   |       |       |       |     3 |     2 |       ||     5
Ability: Breathe Frost     |       |       |     2 |       |       |       ||     2
  Evoke: Wand              |       |     2 |     2 |     4 |       |       ||     8
    Use: Potion            |       |     3 |     2 |     7 |     4 |     5 ||    21
         Scroll            |       |       |       |    22 |     7 |     2 ||    31
   Stab: Sleeping          |     1 |     2 |     2 |       |       |       ||     5
         Distracted        |       |       |       |     4 |    10 |     4 ||    18
         Invisible         |       |       |       |     9 |    22 |     3 ||    34
 Armour: Skin              |    38 |     9 |    43 |    72 |    77 |    55 ||   294
  Dodge: Dodged            |    58 |    35 |   127 |   315 |   349 |   176 ||  1060
  Block: Buckler           |    22 |    30 |   144 |   166 |       |       ||   362
         Reflection        |     2 |     4 |     5 |    16 |    28 |       ||    55
         Tower shield      |       |       |       |   480 |  1828 |   660 ||  2968

Table legend: (Time is in decaauts)
 A = Elapsed time spent in this place.
 B = Non-inter-level travel time spent in this place.
 C = Inter-level travel time spent in this place.
 D = Time resting spent in this place.
 E = Time spent auto-exploring this place.
 F = Levels seen in this place.
 G = Mean time per level.
                   A        B        C        D        E       F      G
               +--------+--------+--------+--------+--------+-----+--------+
         Total |  24835 |  23238 |   1597 |   3133 |  13983 |  29 |  856.4 |
       Dungeon |  14612 |  13379 |   1233 |   1789 |   8768 |  15 |  974.1 |
        Temple |    236 |    236 |      0 |      0 |    191 |   1 |  236.0 |
          Lair |   4987 |   4738 |    249 |    677 |   2635 |   5 |  997.4 |
   Spider Nest |   2224 |   2167 |     57 |    319 |   1383 |   3 |  741.3 |
  Orcish Mines |   1265 |   1209 |     56 |      8 |    672 |   2 |  632.5 |
      Ice Cave |    501 |    501 |      0 |     44 |    231 |   1 |  501.0 |
       Volcano |    129 |    129 |      0 |      0 |     19 |   1 |  129.0 |
      Gauntlet |    877 |    877 |      0 |    296 |     83 |   1 |  877.0 |
               +--------+--------+--------+--------+--------+-----+--------+

Top non-repeatable levels by time:
    D:11: 1422 daAuts
     D:9: 1404 daAuts
    D:13: 1332 daAuts
  Lair:5: 1284 daAuts
  Lair:4: 1276 daAuts
     D:5: 1242 daAuts
    D:10: 1171 daAuts
Spider:1: 1064 daAuts
     D:6: 1062 daAuts
     D:4: 1023 daAuts
Spider:2: 973 daAuts
     D:1: 969 daAuts
    D:12: 899 daAuts
Gauntlet: 877 daAuts
  Lair:2: 859 daAuts
